 Dungeon Crawl Stone Soup version 0.30-a0-576-g89cddaab80 (webtiles) character file.

Game seed: 13121132414897778858

1042 wilfster70 the Poker (level 8, -2/64 HPs)
             Began as a Demonspawn Berserker on Dec 30, 2022.
             Was a Believer of Trog.
             Slain by Duvessa
             ... wielding a +0 short sword
              (4 damage)
             ... on level 6 of the Dungeon.
             The game lasted 00:11:05 (5244 turns).

wilfster70 the Poker (Demonspawn Berserker)         Turns: 5244, Time: 00:11:06

Health: -2/64      AC: 16    Str: 19    XL:     8   Next: 4%
Magic:  8/8        EV: 10    Int:  8    God:    Trog [**....]
Gold:   308        SH:  5    Dex: 14    Spells: 7/7 levels left

rFire   . . .      SeeInvis +    a - +0 trident
rCold   + . .      Faith    .    (no shield)
rNeg    . . .      Spirit   .    w - +7 Kryia's mail coat {PotionHeal*2 rC+}
rPois   .          Reflect  +    (helmet restricted)
rElec   .          Harm     .    (no cloak)
rCorr   .          Rampage  .    q - +0 pair of gloves
Will    ++...                    s - +0 pair of boots Stlth
                                 l - amulet of reflection
HPRegen 1.30/turn                m - ring of see invisible
MPRegen 0.11/turn                (no ring)

@: lethally poisoned (-2 -> -4), strong-willed (expiring), on berserk cooldown,
regenerating (expiring)
A: antennae 1, spiny 2, sharp scales 1, demonic magic 1
a: Renounce Religion, Berserk, Trog's Hand


You were on level 6 of the Dungeon.
You worshipped Trog.
Trog was pleased with you.
You visited 1 branch of the dungeon, and saw 6 of its levels.

You collected 308 gold pieces.

Inventory:

Hand Weapons
 a - a +0 trident (weapon)
Missiles
 g - 6 poisoned darts
 i - 6 atropa-tipped darts (quivered)
 x - a throwing net
Armour
 q - a +0 pair of gloves (worn)
 s - a +0 pair of boots (worn)
 w - the +7 Kryia's mail coat (worn) {PotionHeal*2 rC+}
   (You found it on level 6 of the Dungeon)

   Potions are twice as effective at healing its wearer.
   rC:        It protects you from cold.
Jewellery
 l - an amulet of reflection (around neck)
 m - a ring of see invisible (left hand)
 u - a +5 ring of evasion
Wands
 f - a wand of flame (13)
 h - a wand of roots (7)
 k - a wand of quicksilver (7)
Scrolls
 n - a scroll of magic mapping
 p - a scroll of amnesia {unknown}
 r - a scroll of identify
 t - a scroll of noise {unknown}
 v - a scroll of teleportation {unknown}
Potions
 b - 2 potions of mutation {unknown}
 c - 9 potions of curing
 d - a potion of magic {unknown}
 e - 3 potions of lignification
 j - a potion of ambrosia {unknown}
 o - a potion of might


   Skills:
 + Level 6.1 Fighting
 * Level 7.5 Polearms
 - Level 1.7 Armour
 - Level 1.7 Dodging


You had 7 spell levels left.
You didn't know any spells.
Your spell library was empty.

Dungeon Overview and Level Annotations

Branches:
Dungeon (6/15)             Temple (0/1) D:4

Altars:

Shops:
D:3 (

Annotations:
D:6 Blork the orc, Dowan, Duvessa


Innate Abilities, Weirdness & Mutations

You have a pair of small antennae on your head.
You are mostly covered in sharp spines.
You are partially covered in razor-sharp scales. (AC +1, Slay +1)
Spells you cast may paralyse adjacent enemies.


Message History

Duvessa completely misses you.
You hit Duvessa but do no damage.
Duvessa is moderately wounded.
Duvessa barely misses you.
Dowan drinks a potion.
Dowan seems to grow stronger.
Duvessa hits you with a +0 short sword. Dowan hits you but does no damage.
You are poisoned.
You hit Duvessa but do no damage.
Duvessa is moderately wounded.
You feel sick. Duvessa is struck by your spines.
Duvessa hits you but does no damage.
Blork the orc comes into view.
He is wielding a +0 dire flail.
Dowan is struck by your spines.
Dowan hits you with a +3 dagger of venom.
* * * LOW HITPOINT WARNING * * *
You are more poisoned.
Duvessa hits you with a +0 short sword.
* * * LOW HITPOINT WARNING * * *
Blork the orc shouts!
You hit Duvessa.
Duvessa is heavily wounded.
You feel the effects of Trog's Hand fading.
You feel very sick. Dowan is struck by your spines.
Dowan hits you with a +3 dagger of venom.
* * * LOW HITPOINT WARNING * * *
Duvessa is struck by your spines. Duvessa hits you but does no damage.
You hit Duvessa.
Duvessa is almost dead.
You feel very sick. Duvessa misses you. Dowan is struck by your spines.
Dowan hits you with a +3 dagger of venom.
* * * LOW HITPOINT WARNING * * *
Blork the orc mumbles some strange words.
Blork the orc seems to speed up.
You hit Duvessa.
Duvessa is almost dead.
* * * LOW HITPOINT WARNING * * *
You feel very sick. Duvessa hits you with a +0 short sword.
You die...

####### #.....#
################@e...###
...............e......o..
.########################
.# #......# .# #......#
.# #.....(# .###......#
..#.......#########.
...#.#.#+#..........


You could see Duvessa (fast), Blork the orc (fast) and Dowan (strong).

Vanquished Creatures
  Grinder (D:3)
  An ice beast (D:5)
  An ogre (D:6)
  3 scorpions
  A bullfrog (D:6)
  An orc priest (D:6)
  A jelly (D:5)
  2 iguanas
  An orc wizard (D:6)
  7 adders
  11 gnolls
  An ufetubus (D:5)
  17 orcs
  7 ball pythons
  8 endoplasms
  4 giant cockroaches
  10 goblins
  9 hobgoblins
  3 jackals (D:4)
  3 quokkas
  7 bats
  4 frilled lizards
  11 kobolds
  8 rats
122 creatures vanquished.

Notes
Turn   | Place    | Note
-------+----------+-------------------------------------------
     0 | D:1      | wilfster70 the Demonspawn Berserker began the quest for the
                  | Orb.
     0 | D:1      | Reached XP level 1. HP: 18/18 MP: 1/1
   146 | D:1      | Reached skill level 3 in Polearms
   230 | D:1      | Gained mutation: You have a pair of small antennae on your
                  | head. [demonic ancestry]
   230 | D:1      | Reached XP level 2. HP: 20/24 MP: 2/2
   911 | D:1      | Gained mutation: You are partially covered in sharp spines.
                  | [demonic ancestry]
   911 | D:1      | Reached XP level 3. HP: 22/29 MP: 3/3
  1407 | D:2      | Found a faded altar of an unknown god.
  1723 | D:2      | Reached ** piety under Trog
  1790 | D:2      | Reached skill level 4 in Polearms
  1985 | D:3      | Gained mutation: You are mostly covered in sharp spines.
                  | [demonic ancestry]
  1985 | D:3      | Reached XP level 4. HP: 33/37 MP: 4/4
  1989 | D:3      | Found Kagod's Weapon Shoppe.
  2981 | D:4      | Noticed Grinder
  2996 | D:3      | Killed Grinder
  2997 | D:3      | Reached skill level 5 in Polearms
  2997 | D:3      | Reached XP level 5. HP: 43/43 MP: 5/5
  2997 | D:3      | Gained mutation: You are partially covered in razor-sharp
                  | scales. (AC +1, Slay +1) [demonic ancestry]
  2997 | D:3      | Reached XP level 6. HP: 49/49 MP: 6/6
  3297 | D:4      | Reached skill level 6 in Polearms
  3414 | D:4      | Reached skill level 5 in Fighting
  3447 | D:4      | Identified the +1 robe "Moehewko" {Int+5}
  3568 | D:4      | Found a staircase to the Ecumenical Temple.
  3746 | D:5      | Entered Level 5 of the Dungeon
  3909 | D:5      | Reached *** piety under Trog
  3919 | D:5      | Reached XP level 7. HP: 56/56 MP: 7/7
  4915 | D:6      | Found the +7 Kryia's mail coat {PotionHeal*2 rC+}
  5037 | D:6      | Reached skill level 7 in Polearms
  5213 | D:6      | Noticed Dowan
  5214 | D:6      | Noticed Duvessa
  5238 | D:6      | Gained mutation: Spells you cast may paralyse adjacent
                  | enemies. [demonic ancestry]
  5238 | D:6      | Reached XP level 8. HP: 23/64 MP: 8/8
  5241 | D:6      | Noticed Blork the orc
  5244 | D:6      | HP: 2/64 [poisoned by Dowan]
  5244 | D:6      | Slain by Duvessa

Illustrated notes

Levels and vault maps discovered:
D:1:      elethiomel_arrival_maze, layout_basic, minmay_misc_feat_diagonals,
          corexii_corridor_pit, serial_park_tiny_pond, moated_statue,
          nicolae_concentric_dashed_squares_wild
D:2:      layout_basic, hellmonk_ecumenical_altar_pennies_from_heaven
D:3:      minmay_wonky_spiral, layout_loops_ring, serial_shops,
          nicolae_shop_bloodbath_and_beyond, minmay_goblin_kobold_house
D:4:      layout_cave_pools, minmay_temple_entry_antechambers, uniq_grinder
D:5:      layout_basic
D:6:      layout_basic, uniq_blork_the_orc, uniq_pikel, uniq_duvessa

Skill      XL: |  1  2  3  4  5  6  7 |
---------------+----------------------+-----
Polearms       | 3 4 5 6 7 |  7.5
Fighting       | 4 5 6 |  6.1
Armour         | |  1.7
Dodging        | |  1.7

Action                   |  1- 3 |  4- 6 |  7- 9 || total
-------------------------+-------+-------+-------++-------
Melee: Spear             |   111 |    83 |       ||   194
       Punch             |       |     2 |       ||     2
       Trident           |       |    57 |    64 ||   121
Invok: Berserk           |     3 |     5 |     5 ||    13
       Trog's Hand       |       |     1 |     2 ||     3
  Use: Scroll            |       |     8 |       ||     8
 Stab: Sleeping          |     1 |       |       ||     1
Armor: Animal skin       |     7 |       |       ||     7
       Leather armour    |     9 |     2 |       ||    11
       Ring mail         |       |    10 |       ||    10
       Chain mail        |       |    12 |     6 ||    18
       Scale mail        |       |       |    13 ||    13
Dodge: Dodged            |    38 |    46 |    11 ||    95
Block: Other             |       |    18 |     9 ||    27

Table legend: (Time is in decaauts)
 A = Elapsed time spent in this place.
 B = Non-inter-level travel time spent in this place.
 C = Inter-level travel time spent in this place.
 D = Time resting spent in this place.
 E = Time spent auto-exploring this place.
 F = Levels seen in this place.
 G = Mean time per level.
                   A        B        C        D        E       F      G
               +--------+--------+--------+--------+--------+-----+--------+
         Total |   5349 |   5107 |    242 |    866 |   2915 |   6 |  891.5 |
       Dungeon |   5349 |   5107 |    242 |    866 |   2915 |   6 |  891.5 |
               +--------+--------+--------+--------+--------+-----+--------+

Top non-repeatable levels by time:
     D:3: 1236 daAuts
     D:5: 1173 daAuts
     D:1: 1163 daAuts
     D:2: 815 daAuts
     D:4: 589 daAuts
     D:6: 371 daAuts
